 Dungeon Crawl Stone Soup version 0.28.0-45-g0d030f2227 (webtiles) character file.

Game seed: 9448596054725864870

743 sking99 the Chopper (level 7, 0/62 HPs)
             Began as a Hill Orc Fighter on May 23, 2022.
             Was a Follower of Beogh.
             Slain by an orc
             ... wielding a +0 trident
              (2 damage)
             ... on level 5 of the Dungeon.
             The game lasted 00:06:40 (4908 turns).

sking99 the Chopper (Hill Orc Fighter)              Turns: 4908, Time: 00:06:41

Health: 0/62       AC:  9    Str: 21    XL:     7   Next: 76%
Magic:  7/8        EV:  9    Int:  8    God:    Beogh [*.....]
Gold:   265        SH:  5    Dex: 10    Spells: 6/6 levels left

rFire   . . .      SeeInvis .   a - +0 war axe
rCold   . . .      Faith    .   c - +0 buckler
rNeg    . . .      Spirit   .   b - +0 scale mail
rPois   .          Reflect  .   (no helmet)
rElec   .          Harm     .   t - +0 cloak
rCorr   .          Rampage  .   (no gloves)
Will    .....                   l - +0 pair of boots
Stlth   ..........              (no amulet)
HPRegen 0.20/turn               (no ring)
MPRegen 0.11/turn               (no ring)

@: mighty
A: no striking features
a: Renounce Religion


You were on level 5 of the Dungeon.
You worshipped Beogh.
Beogh was aware of your devotion.
You visited 1 branch of the dungeon, and saw 5 of its levels.

You collected 265 gold pieces.

Inventory:

Hand Weapons
 a - a +0 war axe (weapon)
Armour
 b - a +0 scale mail (worn)
 c - a +0 buckler (worn)
 l - a +0 pair of boots (worn)
 t - a +0 cloak (worn)
Jewellery
 g - a +6 ring of intelligence
Wands
 p - a wand of charming (14)
 q - a wand of paralysis (3)
 v - a wand of flame (15) (quivered)
Scrolls
 f - 6 scrolls of identify {unknown}
 h - 3 scrolls of teleportation {unknown}
 k - a scroll of magic mapping {unknown}
 n - 2 scrolls of silence {unknown}
 o - a scroll of noise {unknown}
 r - 2 scrolls of enchant weapon {unknown}
 s - a scroll of fear {unknown}
 w - a scroll of vulnerability {unknown}
 y - a scroll of holy word {unknown}
Potions
 d - 3 potions of might
 e - 2 potions of berserk rage {unknown}
 i - a potion of attraction {unknown}
 j - a potion of degeneration {unknown}
 m - a potion of ambrosia {unknown}
 u - a potion of haste {unknown}
 x - 2 potions of curing {unknown}


   Skills:
 + Level 5.6 Fighting
 * Level 7.2 Axes
 + Level 4.1 Armour
 + Level 5.1 Shields
 * Level 1.8 Invocations
 - Level 2.3 Evocations


You had 6 spell levels left.
You didn't know any spells.
Your spell library contained the following spells:

 Spells                   Type           Power      Damage    Failure   Level
 Animate Skeleton         Necr           0%         N/A       83%         1
 Apportation              Tloc           0%         N/A       83%         1
 Freeze                   Ice            0%         1d3       83%         1
 Slow                     Hex            0%         N/A       83%         1
 Summon Small Mammal      Summ           0%         N/A       83%         1
 Confusing Touch          Hex            0%         N/A       99%         3
 Dazzling Flash           Conj/Hex       0%         N/A       99%         3
 Frozen Ramparts          Ice            0%         1d2       99%         3
 Vampiric Draining        Necr           0%         2d6       99%         3
 Hailstorm                Conj/Ice       0%         3d3       100%        4
 Ice Form                 Ice/Tmut       0%         N/A       100%        4
 Summon Ice Beast         Ice/Summ       0%         N/A       100%        4
 Agony                    Necr           0%         N/A       100%        5
 Silence                  Hex/Air        0%         N/A       100%        5


Dungeon Overview and Level Annotations

Branches:
Dungeon (5/15)
 Temple: D:4-7

Altars:

Annotations:
D:3 1 runed translucent door, Crazy Yiuf


Message History

You barely miss the orc warrior.
The orc warrior is heavily wounded.
The orc warrior hits you with a +0 hand axe.
You barely miss the orc warrior.
The orc warrior is heavily wounded.
The orc warrior hits you with a +0 hand axe! x2
* * * LOW HITPOINT WARNING * * *
Okay, then.
You barely miss the orc warrior.
The orc warrior is heavily wounded.
The orc warrior hits you with a +0 hand axe.
* * * LOW HITPOINT WARNING * * *
You feel very mighty all of a sudden. You block the orc warrior's attack.
You hit the orc warrior.
The orc warrior is severely wounded.
The orc warrior hits you with a +0 hand axe.
* * * LOW HITPOINT WARNING * * *
You slash the orc warrior!
You kill the orc warrior!
Beogh accepts your kill.
An orc and an orc wizard come into view.
The orc shouts!
The orc wizard shouts!
The orc wizard hits you but does no damage.
The orc hits you from afar with a +0 trident.
* * * LOW HITPOINT WARNING * * *
You see here the +5 long sword of the Ten Queens {vorpal, rElec MP-9 Dex+5}.
You miss the orc wizard.
The orc wizard hits you but does no damage.
You block the orc's attack.
You barely miss the orc wizard. You block the orc wizard's attack.
The orc barely misses you.
The orc wizard hits you with a +0 dagger.
* * * LOW HITPOINT WARNING * * *
You slash the orc wizard!
The orc wizard is severely wounded.
The orc closely misses you. You block the orc wizard's attack.
The orc hits you from afar with a +0 trident.
You die...
Beogh appreciates the orc's killing of a heretic priest.

#.........#
#.#....#
#.........#
#.#....#
#..>......#
#.#.....
#.........#
#.#....#
#.........#
#.#....#
#.........#
#....###
#.........########
#..............#
###@###)######.#
#o# #.# #.# #o#
#.# #.# #.. ..#
#.##### ### ###
#...... #.#####
#.# ###


You could see an orc wizard and an orc.

Vanquished Creatures
  An orc warrior (D:5)
  A necrophage (D:4)
  2 phantoms (D:4)
  A scorpion (D:4)
  A howler monkey (D:5)
  A gnoll shaman (D:4)
  2 iguanas (D:4)
  Jessica (D:3)
  Ijyb (D:3)
  A hound skeleton (D:2)
  6 adders
  An ufetubus (D:4)
  3 worms
  An adder skeleton (D:4)
  4 dart slugs (D:4)
  9 orcs
  4 bats
  10 endoplasms
  4 giant cockroaches
  7 goblins
  8 hobgoblins
  6 jackals (D:1)
  3 quokkas
  6 ball pythons
  7 frilled lizards
  A jackal skeleton (D:4)
  3 kobolds
  5 rats
100 creatures vanquished.

Notes
Turn   | Place    | Note
-------+----------+-------------------------------------------
     0 | D:1      | sking99 the Hill Orc Fighter began the quest for the Orb.
     0 | D:1      | Reached XP level 1. HP: 19/19 MP: 1/1
   260 | D:1      | Reached skill level 3 in Axes
   292 | D:1      | Reached XP level 2. HP: 27/27 MP: 2/2
   436 | D:1      | Found a faded altar of an unknown god.
   987 | D:2      | Reached XP level 3. HP: 33/33 MP: 3/3
  1063 | D:2      | Reached skill level 4 in Axes
  1280 | D:2      | Reached XP level 4. HP: 40/40 MP: 4/4
  2062 | D:3      | Noticed Jessica
  2069 | D:3      | Killed Jessica
  2070 | D:3      | Reached XP level 5. HP: 38/47 MP: 5/5
  2325 | D:3      | Noticed Ijyb
  2338 | D:3      | Paralysed by Ijyb for 3 turns
  2343 | D:3      | Paralysed by Ijyb for 5 turns
  2349 | D:3      | Killed Ijyb
  2350 | D:3      | Reached skill level 5 in Axes
  2700 | D:3      | Became a worshipper of Beogh the Brigand
  2969 | D:3      | Found a runed translucent door.
  2970 | D:3      | Noticed Crazy Yiuf
  3336 | D:4      | Noticed a phantom
  3356 | D:4      | Killed a phantom
  3357 | D:4      | Reached skill level 1 in Evocations
  3357 | D:4      | Reached XP level 6. HP: 42/55 MP: 6/6
  3527 | D:4      | Reached skill level 5 in Fighting
  3527 | D:4      | Reached skill level 6 in Axes
  3715 | D:4      | Noticed a necrophage
  3724 | D:4      | Killed a necrophage
  3725 | D:4      | Reached XP level 7. HP: 51/61 MP: 7/7
  4583 | D:4      | Reached skill level 5 in Shields
  4592 | D:4      | Reached * piety under Beogh
  4594 | D:4      | Reached skill level 7 in Axes
  4670 | D:4      | Identified the +1 scale mail of Nihilism {+Inv}
  4750 | D:5      | Entered Level 5 of the Dungeon
  4775 | D:5      | Reached skill level 1 in Invocations
  4905 | D:5      | Identified the +5 long sword of the Ten Queens {vorpal,
                  | rElec MP-9 Dex+5}
  4905 | D:5      | HP: 2/62 [orc/+0 trident (3)]
  4908 | D:5      | Slain by an orc

Illustrated notes

Levels and vault maps discovered:
D:1:      dpeg_arrival_orchard, layout_basic,
          ebering_ecumenical_altar_sacrificial
D:2:      minmay_thinvault, layout_loops_ring
D:3:      layout_loops_ring, uniq_ijyb, uniq_crazy_yiuf_cottage, uniq_jessica
D:4:      minmay_razor_zed, layout_basic, grunt_ministairs_12
D:5:      layout_basic, corexii_hall_statues_i

Skill      XL: |  1  2  3  4  5  6  7 |
---------------+----------------------+-----
Axes           | 3 4 5 6 7 |  7.2
Fighting       | 4 5 |  5.6
Armour         | 4 |  4.1
Shields        | 4 5 |  5.1
Evocations     | 1 2 |  2.3
Invocations    | 1 |  1.8

Action                   |  1- 3 |  4- 6 |  7- 9 || total
-------------------------+-------+-------+-------++-------
Melee: War axe           |   103 |   180 |    76 ||   359
Invok: Convert to Beogh  |       |     1 |       ||     1
  Use: Potion            |       |       |     1 ||     1
Armor: Scale mail        |    46 |    70 |    24 ||   140
Dodge: Dodged            |    62 |    91 |    28 ||   181
Block: Buckler           |    26 |    37 |    20 ||    83
